 Dungeon Crawl Stone Soup version 0.31-a0-700-gf13585253f (webtiles) character file.

Game seed: 6240104784312102768

128 qw the Shooter (level 5, -1/32 HPs)
             Began as a Gargoyle Hunter on Sept 7, 2023.
             Killed by divine providence
             ... invoked by an orc priest
              (9 damage)
             ... on level 3 of the Dungeon.
             The game lasted 00:00:49 (1475 turns).

qw the Shooter (Gargoyle Hunter)                    Turns: 1475, Time: 00:00:50

Health: -1/32      AC: 10    Str: 14    XL:     5   Next: 12%
Magic:  5/5        EV: 11    Int: 10    God:
Gold:   87         SH:  0    Dex: 15    Spells: 4/4 levels left

rFire   . . .        Y - +1 shortbow
rCold   . . .        (shield currently unavailable)
rNeg    + . .        e - +0 ring mail
rPois   inf          (no helmet)
rElec   +            h - +0 cloak
rCorr   .            (no gloves)
SInv    .            (no boots)
Will    .....        k - amulet of regeneration
Stlth   +            (no ring)
HPRegen 1.05/turn    (no ring)
MPRegen 0.09/turn

%: no passive effects
@: no status effects
A: sickness immunity, AC +4, negative energy resistance 1, electricity
resistance, torment resistance 1, petrification resistance
a: no special abilities


You were on level 3 of the Dungeon.
You visited 1 branch of the dungeon, and saw 3 of its levels.

You collected 87 gold pieces.


Innate Abilities, Weirdness & Mutations

You are immune to sickness and miasma.
Your stone body is resilient. (AC +4)
You are immune to poison.
You resist negative energy. (rN+)
You are resistant to electric shocks. (rElec)
You are resistant to unholy torment.
You are immune to petrification.


   Skills:
 - Level 3.0 Fighting
 + Level 5.6 Ranged Weapons
 - Level 1.7 Armour
 - Level 1.5 Dodging
 - Level 1.1 Stealth


You had 4 spell levels left.
You didn't know any spells.
Your spell library was empty.

Inventory:

Hand Weapons
 Y - a +1 shortbow (weapon)
Armour
 e - a +0 ring mail (worn)
 h - a +0 cloak (worn)
Jewellery
 k - an amulet of regeneration (around neck)
Scrolls
 a - a scroll of identify

Dungeon Overview and Level Annotations

Branches:
Dungeon (3/15)

Altars:


Message History

The arrow closely misses the orc wizard.
The orc barely misses you. The orc hits you but does no damage.
The orc wizard misses you. The orc barely misses you.
The orc priest barely misses you.
The orc wizard hits you but does no damage.
You shoot an arrow. The arrow hits the orc wizard.
The orc wizard is almost dead.
The orc barely misses you. x2
The orc priest hits you but does no damage.
The orc barely misses you. The orc wizard misses you.
The orc priest mumbles some strange prayers to Beogh against you.
Pain shoots through your body! The orc wizard barely misses you.
The orc completely misses you. The orc closely misses you. x2
You shoot an arrow. The arrow misses the orc wizard.
The orc wizard hits you but does no damage.
The orc hits you with a +0 falchion. The orc closely misses you.
The orc misses you. The orc priest completely misses you.
The orc wizard hits you with a +2 dagger of speed.
You shoot an arrow. The arrow barely misses the orc wizard.
The orc wizard hits you with a +2 dagger of speed.
The orc hits you with a +0 falchion. The orc closely misses you.
The orc barely misses you.
The orc priest hits you but does no damage.
You shoot an arrow. The arrow barely misses the orc wizard.
The orc wizard barely misses you. The orc misses you. x2
The orc completely misses you. The orc priest barely misses you.
The orc wizard mumbles some strange words.
The orc wizard flickers and vanishes!
Deactivating autopickup; reactivate with Ctrl-A.
You shoot an arrow. The arrow hits the orc.
You kill the orc!
The orc priest hits you but does no damage.
The orc barely misses you. The orc hits you with a +0 dagger.
Something hits you.
You hear some strange, mumbled words.
A magic dart appears from out of thin air!
The magic dart hits you. The orc hits you but does no damage. x2
The orc priest mumbles some strange prayers to Beogh against you.
Beogh smites you!
You die...

#.... #....
#.... ####...
#.(... #....#
#..o{# ###
#..o@# ..#
#..o)# #.#
#....#
#.#####....#
#.#........#
#.#.###....#
#.....###.####
##.##.###....#
#.##.....##.###


You could see an orc priest and 2 orcs.

Vanquished Creatures
  An orc wizard (D:3)
  Terence (D:2)
  An adder (D:2)
  3 worms (D:2)
  A dart slug (D:1)
  3 orcs (D:3)
  4 bats
  5 endoplasms
  6 goblins
  4 hobgoblins
  4 jackals (D:2)
  7 kobolds
  3 quokkas (D:2)
  4 ball pythons
  4 frilled lizards
  4 rats
55 creatures vanquished.

Notes
Turn   | Place    | Note
-------+----------+-------------------------------------------
     0 | D:1      | qw the Gargoyle Hunter began the quest for the Orb.
     0 | D:1      | Reached XP level 1. HP: 12/12 MP: 1/1
     0 | D:1      | 0 ||| qw: Version: 0.3-a-76-g4403597
     0 | D:1      | 0 ||| qw: Game counter: 586
     0 | D:1      | 0 ||| qw: Melee chars always use a shield: true
     0 | D:1      | 0 ||| qw: God list: Okawaru
     0 | D:1      | 0 ||| qw: Allow faded altars: false
     0 | D:1      | 0 ||| qw: Do Orc after clearing Dungeon:15 true
     0 | D:1      | 0 ||| qw: Do second Lair branch before Depths: true
     0 | D:1      | 0 ||| qw: Lair rune preference: random
     0 | D:1      | 0 ||| qw: Goals: Normal
     0 | D:1      | 0 ||| PLANNING D:1-11
    79 | D:1      | Reached XP level 2. HP: 15/17 MP: 2/2
   380 | D:1      | Found a faded altar of an unknown god.
   575 | D:1      | Reached XP level 3. HP: 21/21 MP: 3/3
   724 | D:1      | 724 ||| UPGRADING to +0 ring mail.
   734 | D:1      | 734 ||| DROPPING +0 leather armour.
   735 | D:1      | 735 ||| UPGRADING to +0 cloak.
   740 | D:1      | 740 ||| UPGRADING to amulet of regeneration.
   745 | D:1      | 745 ||| READING scroll labelled YNUNIGROUPN.
   746 | D:1      | 746 ||| READING scroll labelled ZEMIRCH CAUS.
   747 | D:1      | 747 ||| READING scroll labelled OTIOCS UXICZI.
   748 | D:1      | 748 ||| READING scroll labelled POKLARRYPO.
   749 | D:1      | 749 ||| DROPPING scroll of butterflies.
   768 | D:2      | Noticed Terence
   780 | D:2      | HP: 4/21 [Terence/+0 mace (4)]
   781 | D:2      | Killed Terence
   782 | D:2      | Reached skill level 1 in Armour
   801 | D:2      | Reached skill level 5 in Ranged Weapons
   909 | D:2      | Reached XP level 4. HP: 27/27 MP: 4/4
  1055 | D:2      | Reached skill level 3 in Fighting
  1287 | D:2      | 1287 ||| READING scroll labelled LONEIRH QEIJ.
  1332 | D:2      | 1332 ||| READING scroll labelled PIBANA GYTAZI.
  1333 | D:2      | 1333 ||| READING 3 scrolls of identify.
  1333 | D:2      | 1333 ||| IDENTIFYING bubbling sapphire potion
  1334 | D:2      | 1334 ||| READING 2 scrolls of identify.
  1334 | D:2      | 1334 ||| IDENTIFYING glowing red potion
  1335 | D:2      | 1335 ||| DROPPING potion of degeneration.
  1336 | D:2      | 1336 ||| DROPPING potion of brilliance.
  1427 | D:3      | Reached XP level 5. HP: 32/32 MP: 5/5
  1475 | D:3      | HP: 8/32 [something/magic dart (5)]
  1475 | D:3      | Killed from afar by an orc priest

Levels and vault maps discovered:
D:1:      minmay_arrival_shattered_statue, layout_basic,
          hellmonk_ecumenical_altar_prayer_group, kennysheep_flooded_box
D:2:      layout_basic, kennysheep_generic_room_9, uniq_terence
D:3:      layout_basic, uniq_grinder

Skill      XL: |  1  2  3  4 |
---------------+-------------+-----
Armour         | 1 |  1.7
Ranged Weapons | 5 |  5.6
Fighting       | 3 |  3.0
Dodging        | |  1.5
Stealth        | |  1.1

Action                     |  1- 3 |  4- 6 || total
---------------------------+-------+-------++-------
   Fire: Shortbow          |    90 |   106 ||   196
    Use: Scroll            |     4 |     4 ||     8
 Armour: Leather armour    |    11 |       ||    11
         Ring mail         |     6 |   100 ||   106
  Dodge: Dodged            |    15 |    75 ||    90

Table legend:
 A = Non-vault XP
 B = Vault XP
 C = Vault XP percentage of total XP
 D = Non-vault monster count
 E = Vault monster count
 F = Vault count percentage of total count
                 A         B        C        D         E       F
            +---------+---------+-------+---------+---------+-------
      Total |     147 |      40 |  21.4 |      50 |       5 |   9.1
            +---------+---------+-------+---------+---------+-------
        D:1 |      34 |       4 |  10.5 |      19 |       2 |   9.5
        D:2 |      68 |      36 |  34.6 |      27 |       3 |  10.0
        D:3 |      45 |       0 |   0.0 |       4 |       0 |   0.0
            +---------+---------+-------+---------+---------+-------
